 Dungeon Crawl Stone Soup version 0.17-a0-1504-gb7d9117 (webtiles) character file.

72 urechis the Cudgeler (level 4, 0/49 HPs)
             Began as an Ogre Gladiator on July 9, 2015.
             Slain by a gnoll
             ... wielding a +0 spear
              (7 damage)
             ... on level 2 of the Dungeon.
             The game lasted 00:02:19 (2092 turns).

urechis the Cudgeler (Ogre Gladiator)               Turns: 2092, Time: 00:02:19

Health: 0/49       AC:  3    Str: 21    XL:     4   Next: 25%
Magic:  4/4        EV: 10    Int:  7    God:
Gold:   112        SH:  0    Dex: 10    Spells: 0 memorised, 3 levels left

rFire  . . .     SeeInvis .     a - +0 flail
rCold  . . .     Clarity  .     b - +0 robe
rNeg   . . .     SustAt   .     (no shield)
rPois  .         Gourm    .     c - +0 hat
rElec  .         Spirit   .     (no cloak)
rCorr  .         Warding  .     (gloves unavailable)
rMut   .         Stasis   .     (boots unavailable)
MR     .....                    (no amulet)
Stlth  +.........               (no ring)
                                (no ring)

@: not resistant to hostile enchantments, very unstealthy
A: unfitting armour, tough skin 1
a: no special abilities


You were on level 2 of the Dungeon.
You were not hungry.

You visited 1 branch of the dungeon, and saw 3 of its levels.

You collected 112 gold pieces.

Inventory:

Hand weapons
 a - a +0 flail (weapon)
Missiles
 e - 3 throwing nets (quivered)
 o - 21 poisoned needles
Armour
 b - a +0 robe (worn)
 c - a +0 hat (worn)
Scrolls
 f - a scroll of blinking {unknown}
 g - 2 scrolls of amnesia {unknown}
 i - 2 scrolls of identify {unknown}
 k - a scroll of teleportation {unknown}
 m - a scroll of enchant weapon {unknown}
Potions
 h - 2 potions of lignification {unknown}
 l - a potion of curing {unknown}
 p - a potion of flight {unknown}
Comestibles
 d - a bread ration
 j - 2 beef jerkies
 n - 3 fruits
 q - 2 chunks of flesh


   Skills:
 + Level 4.3 Fighting
 * Level 5.5 Maces & Flails
 - Level 2.1 Throwing
 - Level 2.6 Dodging


You had 3 spell levels left.
You didn't know any spells.

Dungeon Overview and Level Annotations

Branches:
Dungeon (3/15)

Altars:
Elyvilon
Nemelex Xobeh


Innate Abilities, Weirdness & Mutations

You are too large for most types of armour.
You have tough skin (AC +1).


Message History

The gnoll hits you but does no damage.
You hit the gnoll.
The gnoll is severely wounded.
The gnoll hits you with a spear.
You completely miss the gnoll.
The gnoll is severely wounded.
The gnoll hits you with a spear.
* * * LOW HITPOINT WARNING * * *
You are too injured to fight recklessly!
You closely miss the gnoll.
The gnoll is severely wounded.
The gnoll barely misses you.
You closely miss the gnoll.
The gnoll is severely wounded.
The gnoll hits you with a spear.
* * * LOW HITPOINT WARNING * * *
You barely miss the gnoll.
The gnoll is severely wounded.
The gnoll hits you with a spear!
You die...

#.#
#.##..#<................)...
#.#
#.##.######....#######..####
#.#
#................#.....(...#
#.#
####......#.##.#.#.....(...#
#.# #..#...#....#.#.....(...#
#.# #..#...#.####.#.........#
#.# #..#...#<####.#.........#
#.# #.......†.....#####..###.
#.# #.#....g@............# #.
#.#######.....###########).#.#
#.
#.........#..................#
#.
#########.#..........#####).##
#. ######.#...##.....# ##.##
#. #........#.##.....# #..# ##
#.##..............# ##.# #
#.##.#####.##############.## #
#.#........................# #


You could see a gnoll.

Vanquished Creatures
  3 adders (D:2)
  An ooze (D:1)
  2 worms (D:2)
  6 goblins
  A hobgoblin (D:1)
  3 jackals (D:2)
  2 bats (D:1)
  2 giant geckos (D:1)
  2 giant newts (D:2)
  7 kobolds
  10 rats
39 creatures vanquished.

Notes
Turn   | Place    | Note
--------------------------------------------------------------
     0 | D:1      | urechis the Ogre Gladiator began the quest for the Orb.
     0 | D:1      | Reached XP level 1. HP: 22/22 MP: 1/1
   274 | D:1      | Reached XP level 2. HP: 31/31 MP: 2/2
  1014 | D:2      | Reached XP level 3. HP: 34/37 MP: 3/3
  1053 | D:2      | Reached skill level 5 in Maces & Flails
  1756 | D:2      | Reached XP level 4. HP: 30/48 MP: 4/4
  1873 | D:2      | Found a white marble altar of Elyvilon.
  1873 | D:2      | Found a sparkling altar of Nemelex Xobeh.
  2092 | D:2      | Slain by a gnoll

Vault maps used:
D:1:      matt_arrival_los_fun, minmay_misc_feat_more_columns
D:2:      amethyst_overflow_temple_binary
D:3:      first_bread, uniq_crazy_yiuf_cottage

Action                   |  1- 3 |  4- 6 || total
-------------------------+-------+-------++-------
Melee: Flail             |   111 |    27 ||   138
  Eat: Chunk             |     2 |     2 ||     4
